 Dungeon Crawl Stone Soup version 0.30-a0-1157-g2cc9ac7196 (webtiles) character file.

Game seed: 12388680182946399346

510 Dittersdorf the Trooper (level 7, -3/44 HPs)
             Began as a Gargoyle Fighter on Apr 24, 2023.
             Splashed by a jelly's acid (6 damage)
             ... in a sewer.
             The game lasted 00:07:22 (3329 turns).

Dittersdorf the Trooper (Gargoyle Fighter)          Turns: 3329, Time: 00:07:23

Health: -3/44      AC:  3    Str: 28    XL:     7   Next: 19%
Magic:  16/16      EV:  8    Int:  8    God:
Gold:   234        SH:  4    Dex:  9    Spells: 6/6 levels left

rFire   . . .        a - +0 flail
rCold   . . .        c - +0 buckler
rNeg    + . .        r - +0 chain mail
rPois   ∞            b - +0 helmet
rElec   +            (no cloak)
rCorr   .            (no gloves)
SInv    .            (no boots)
Will    .....        (no amulet) Stlth
                     h - +6 ring of strength
HPRegen 0.27/turn    k - ring of magical power
MPRegen 0.15/turn

%: no passive effects
@: corroded
A: sickness immunity, AC +4, negative energy resistance 1, electricity
resistance, torment resistance 1, petrification resistance
a: no special abilities


You were in a sewer.
You visited 1 branch of the dungeon, and saw 4 of its levels.
You also visited: Sewer.

You collected 234 gold pieces.

Inventory:

Hand Weapons
 a - a +0 flail (weapon)
Missiles
 t - 8 poisoned darts (quivered)
Armour
 b - a +0 helmet (worn)
 c - a +0 buckler (worn)
 r - a +0 chain mail (worn)
Jewellery
 h - a +6 ring of strength (left hand)
 k - a ring of magical power (right hand)
Wands
 g - a wand of light (8)
Scrolls
 m - 2 scrolls of fog
 n - a scroll of teleportation
Potions
 d - 2 potions of might
 e - 2 potions of heal wounds {unknown}
 f - 2 potions of brilliance {unknown}
 i - a potion of attraction {unknown}
 j - a potion of cancellation {unknown}
 s - a potion of curing


   Skills:
 + Level 5.2 Fighting
 + Level 4.1 Maces & Flails
 + Level 5.1 Armour
 + Level 5.1 Shields


You had 6 spell levels left.
You didn't know any spells.
Your spell library contained the following spells:

 Spells                   Type           Power      Damage    Failure   Level
 Kiss of Death            Conj/Necr      0%         2d5       91%         1
 Sandblast                Erth           0%         2d4       91%         1
 Passwall                 Tmut/Erth      0%         N/A       97%         2
 Confusing Touch          Hex            0%         N/A       100%        3
 Stone Arrow              Conj/Erth      0%         3d7       100%        3
 Dispel Undead            Necr           0%         3d6       100%        4


Dungeon Overview and Level Annotations

Branches:
Dungeon (4/15)              Sewer (1/1)
 Temple: D:4-7

Altars:


Innate Abilities, Weirdness & Mutations

You are immune to sickness and miasma.
Your stone body is resilient. (AC +4)
You are immune to poison.
You resist negative energy. (rN+)
You are resistant to electric shocks. (rElec)
You are resistant to unholy torment.
You are immune to petrification.


Message History

The jelly is severely wounded.
The jelly hits you but does no damage.
You hit the jelly.
Your hands burn!
The jelly is almost dead.
You block the jelly's attack. The worm bites you.
You are too injured to fight recklessly!
You are too injured to fight recklessly!
You are too injured to fight recklessly!
You are too injured to fight recklessly!
You are too injured to fight recklessly!
You are too injured to fight recklessly!
You are too injured to fight recklessly!
You are too injured to fight recklessly!
You are too injured to fight recklessly!
You are too injured to fight recklessly!
You are too injured to fight recklessly!
You are too injured to fight recklessly!
You are too injured to fight recklessly!
You are too injured to fight recklessly!
You are too injured to fight recklessly!
You are too injured to fight recklessly!
You are too injured to fight recklessly!
You are too injured to fight recklessly!
You hit the worm but do no damage. The jelly hits you. The acid corrodes you!
You are splashed with acid.
* * * LOW HITPOINT WARNING * * *
You sock the worm!
The worm is severely wounded.
The jelly closely misses you. The worm bites you.
* * * LOW HITPOINT WARNING * * *
You hit the worm but do no damage.
The worm is heavily wounded.
The jelly hits you but does no damage. The worm barely misses you.
The jelly hits you but does no damage.
You hit the worm but do no damage.
The worm is heavily wounded.
The jelly hits you.
* * * LOW HITPOINT WARNING * * *
You are splashed with acid.
You die...

...~~..#
#~.~.~~~.~##
#####..# .~
##..~#..~~~~~#
#..#
.~##~~.##..~##..~
#.~#
....~##..~~.# ~.
#####~~#
~~.~.#..~#.~#
.†.....#
###..##.##..#
.†~.~..#
#.~~###~.~#
########
#~.~...~∩##
##~.@.~.##
##wJ#### #~~#
#~~. ##.. ##~~ ..
..~


You could see a worm and a jelly.

Vanquished Creatures
  An ogre (D:4)
  A phantom (D:4)
  A scorpion (D:4)
  3 hounds (D:4)
  An iguana (D:4)
  Robin (D:3)
  4 adders
  2 worms
  5 dart slugs
  4 orcs
  5 bats
  8 endoplasms
  11 giant cockroaches
  16 goblins
  7 hobgoblins
  10 jackals (D:1)
  6 quokkas
  10 ball pythons
  7 frilled lizards
  6 kobolds
  9 rats
118 creatures vanquished.

Notes
Turn   | Place    | Note
-------+----------+-------------------------------------------
     0 | D:1      | Dittersdorf the Gargoyle Fighter began the quest for the
                  | Orb.
     0 | D:1      | Reached XP level 1. HP: 14/14 MP: 1/1
    47 | D:1      | Reached XP level 2. HP: 10/19 MP: 2/2
   462 | D:1      | Reached XP level 3. HP: 20/23 MP: 3/3
   488 | D:1      | Found a faded altar of an unknown god.
   690 | D:1      | You fall into a shaft and drop 1 floor!
  1318 | D:2      | Reached XP level 4. HP: 29/29 MP: 4/4
  1999 | D:3      | Noticed Robin
  2073 | D:3      | Killed Robin
  2114 | D:3      | Reached XP level 5. HP: 33/33 MP: 5/5
  2488 | D:4      | Noticed a phantom
  2676 | D:4      | Reached XP level 6. HP: 39/39 MP: 6/6
  3017 | D:4      | Reached skill level 5 in Fighting
  3017 | D:4      | Reached skill level 5 in Shields
  3131 | D:4      | Reached skill level 5 in Armour
  3131 | D:4      | Reached XP level 7. HP: 44/44 MP: 7/7
  3157 | D:4      | Found a glowing drain.
  3183 | Sewer    | Entered a sewer
  3329 | Sewer    | Splashed by a jelly's acid

Illustrated notes

Levels and vault maps discovered:
D:1:      roderic_dead_forest, layout_basic,
          hellmonk_ecumenical_altar_leap_of_faith, roderic_lattice_a,
          dk_noncrumbling_4, kennysheep_small_spiral
D:2:      layout_basic, minivault_11
D:3:      layout_rooms, nicolae_overflow_hidden_temple, uniq_robin
D:4:      nicolae_cairo_tiling, layout_layer_cave, portal_sewer_entry_f
Sewer:    sewer_hellmonk_slimy_pipes

Skill      XL: |  1  2  3  4  5  6 |
---------------+-------------------+-----
Fighting       | 4 5 |  5.2
Shields        | 4 5 |  5.1
Armour         | 4 5 |  5.1
Maces & Flails | 3 4 |  4.1

Action                     |  1- 3 |  4- 6 |  7- 9 || total
---------------------------+-------+-------+-------++-------
  Melee: Flail             |   130 |   163 |    68 ||   361
    Use: Scroll            |       |     9 |       ||     9
 Armour: Scale mail        |    90 |     4 |       ||    94
         Chain mail        |       |   121 |    47 ||   168
  Dodge: Dodged            |    87 |    50 |    28 ||   165
  Block: Buckler           |    39 |    36 |    23 ||    98

Table legend: (Time is in decaauts)
 A = Elapsed time spent in this place.
 B = Non-inter-level travel time spent in this place.
 C = Inter-level travel time spent in this place.
 D = Time resting spent in this place.
 E = Time spent auto-exploring this place.
 F = Levels seen in this place.
 G = Mean time per level.
                   A        B        C        D        E       F      G
               +--------+--------+--------+--------+--------+-----+--------+
         Total |   3443 |   3194 |    249 |     45 |   1941 |   5 |  688.6 |
       Dungeon |   3279 |   3030 |    249 |     45 |   1867 |   4 |  819.8 |
         Sewer |    163 |    163 |      0 |      0 |     74 |   1 |  163.0 |
               +--------+--------+--------+--------+--------+-----+--------+

Top non-repeatable levels by time:
     D:1: 1179 daAuts
     D:2: 914 daAuts
     D:4: 683 daAuts
     D:3: 501 daAuts
   Sewer: 163 daAuts
